cohdb
Replays
Latest Replays
All Replays
Popular Replays
Top Player Replays
Match Explorer
How It Works
Community
CoH3 Stats
Reddit
Sign in to upload your games and track your stats! →
Sign in with Steam
Match 46763848
Unlisted
Match 46763848
Overview
Messages
Build Orders
End
Vickers Machine Gun Team
Construct Section Command Post
Infantry Section
Dingo Light Scout Car
Infantry Section
Construct Platoon Command Post
Vickers Machine Gun Team
Construct Platoon Command Post
Humber Armored Car
Selects Canadian Shock Battlegroup
Selects Attacking Spirit
Selects Canadian Shock Section
Canadian Shock Section
Selects Incendiary Munitions
Selects Pyrotechnics
Infantry Section
Grenade Package
6-pounder Anti-tank Gun Team
Unlock Bishop Self-propelled Artillery
Construct Company Command Post
Matilda II Heavy Tank
Selects Churchill Crocodile Heavy Tank
Churchill Crocodile Heavy Tank
Unlock Bishop Self-propelled Artillery
A2O
Born to Coom
Nikname2303
Akkerman
0
0
Comments
sign in to comment!
No comments posted yet!